 Dungeon Crawl Stone Soup version 0.31-a0-66-ge618eeaa78 (webtiles) character file.

Game seed: 12722452120984138457

154 senseless the Insei (level 5, -9/34 HPs)
             Began as an Octopode Transmuter on May 22, 2023.
             Mangled by a gnoll
             ... wielding a +0 whip
              (10 damage)
             ... on level 3 of the Dungeon.
             The game lasted 00:04:07 (1994 turns).

senseless the Insei (Octopode Transmuter)           Turns: 1994, Time: 00:04:08

Health: -9/34      AC:  1    Str:  9    XL:     5   Next: 35%
Magic:  9/9        EV: 13    Int: 18    God:
Gold:   88         SH:  0    Dex: 12    Spells: 8/9 levels left

rFire   . . .        c - +3 whip
rCold   . . .        (no shield)
rNeg    . . .        (helmet currently unavailable)
rPois   .            (no amulet)
rElec   .            (no ring)
rCorr   .            (no ring)
SInv    .            (no ring)
Will    .....        (no ring)
Stlth   +++          (no ring)
HPRegen 0.25/turn    (no ring)
MPRegen 0.11/turn    (no ring)
                     (no ring)

%: no passive effects
@: appendages
A: tentacle spike 3, almost no armour, amphibious, 8 rings, camouflage 1,
gelatinous body 1, (nimble swimmer 1), tentacles
a: End Transformation


You were on level 3 of the Dungeon.
One of your tentacles had grown a beastly spike.
You visited 1 branch of the dungeon, and saw 3 of its levels.

You collected 88 gold pieces.

Inventory:

Hand Weapons
 c - a +3 whip (weapon)
Scrolls
 g - 3 scrolls of magic mapping
Potions
 a - a potion of lignification
 b - 2 potions of heal wounds {unknown}
 d - 2 potions of enlightenment {unknown}
 f - a potion of cancellation


   Skills:
 * Level 2.2 Fighting
 * Level 2.9 Dodging
 + Level 1.9 Stealth
 * Level 3.5 Unarmed Combat
 * Level 2.8 Spellcasting
 * Level 2.7 Transmutations


You had 8 spell levels left.
You knew the following spells:

 Your Spells              Type           Power      Damage    Failure   Level
a - Beastly Appendage     Tmut           24%        N/A       5%          1

Your spell library contained the following spells:

 Spells                   Type           Power      Damage    Failure   Level
 Wereblood                Tmut           12%        N/A       9%          2
 Spider Form              Tmut/Pois      6%         N/A       32%         3
 Ice Form                 Ice/Tmut       6%         N/A       73%         4


Dungeon Overview and Level Annotations

Branches:
Dungeon (3/15)

Altars:

Annotations:
D:3 3 runed translucent doors, PostNTower's ghost, amateur DsSu


Innate Abilities, Weirdness & Mutations

One of your tentacles has grown a beastly spike.
You cannot wear most types of armour.
You are amphibious.
You can wear up to eight rings at the same time.
Your skin changes colour to match your surroundings (Stealth+).
Your rubbery body absorbs attacks. (AC +1, EV +1)
((You are camouflaged when in or above water. (Stealth+)))
You have tentacles for arms and can constrict up to eight enemies at once.


Message History

PostNTower's ghost whispers, "Meet the emptiness of death!"
The gnoll hits you from afar with a +0 spear.
The gnoll hits you with a +0 spear!
You barely miss the gnoll. You grab the gnoll. You constrict the gnoll.
The gnoll completely misses you.
You hit the gnoll. Your squeeze misses the gnoll.
The gnoll is moderately wounded.
You constrict the gnoll, but do no damage.
The gnoll barely misses you. The gnoll hits you with a +0 spear.
You are too injured to fight recklessly!
You are too injured to fight recklessly!
You hit the gnoll.
You pierce the gnoll.
You squeeze the gnoll.
You kill the gnoll!
The gnoll throws a throwing net.
The throwing net barely misses you. The gnoll completely misses you.
You see here a +0 spear.
You hit the gnoll but do no damage. You grab the gnoll.
You pierce the gnoll, but do no damage.
You constrict the gnoll. The gnoll hits you with a +0 spear.
You hit the gnoll but do no damage.
You pierce the gnoll.
You tentacle-slap the gnoll.
The gnoll is moderately wounded.
You constrict the gnoll, but do no damage.
The gnoll hits you with a +0 spear.
* * * LOW HITPOINT WARNING * * *
You hit the gnoll.
You pierce the gnoll, but do no damage.
You squeeze the gnoll, but do no damage.
The gnoll is severely wounded.
You constrict the gnoll. The gnoll hits you with a +0 spear!
* * * LOW HITPOINT WARNING * * *
You hit the gnoll.
You pierce the gnoll, but do no damage.
You squeeze the gnoll, but do no damage.
The gnoll is almost dead.
You constrict the gnoll. The gnoll closely misses you.
You hit the gnoll.
You kill the gnoll!
You hit the gnoll. Your grab misses the gnoll.
You pierce the gnoll.
The gnoll is heavily wounded.
The gnoll hits you with a +0 whip!
You die...

##.... ...... ..
..... ./. ....
######..#
.....#...
./[..#..#####.#
#o#(...@g..# #.
#o#..#######
#.##W#..#
.....#..#
.....g#..#
#+++###..########
................
..........########
...#......#


You could see PostNTower's ghost, a gnoll and 2 orcs.

Vanquished Creatures
  Natasha (thrice) (D:2)
  2 gnolls (D:3)
  2 adders
  2 dart slugs (D:1)
  4 bats
  2 endoplasms
  A giant cockroach (D:1)
  A goblin (D:1)
  4 hobgoblins
  3 jackals (D:1)
  4 kobolds
  A quokka (D:3)
  7 ball pythons
  3 frilled lizards
  5 rats
44 creatures vanquished.

Notes
Turn   | Place    | Note
-------+----------+-------------------------------------------
     0 | D:1      | senseless the Octopode Transmuter began the quest for the
                  | Orb.
     0 | D:1      | Reached XP level 1. HP: 13/13 MP: 3/3
   218 | D:1      | Reached XP level 2. HP: 13/18 MP: 3/5
   741 | D:1      | Reached XP level 3. HP: 16/23 MP: 4/6
   828 | D:1      | Reached skill level 1 in Stealth
  1294 | D:2      | Noticed Natasha
  1302 | D:2      | Killed Natasha
  1303 | D:2      | Reached XP level 4. HP: 15/29 MP: 5/7
  1313 | D:2      | Noticed Natasha
  1321 | D:2      | Killed Natasha
  1648 | D:2      | Noticed Natasha
  1652 | D:2      | Killed Natasha
  1653 | D:2      | Reached XP level 5. HP: 32/34 MP: 6/8
  1966 | D:3      | Found a runed translucent gate.
  1967 | D:3      | Found a runed translucent gate.
  1967 | D:3      | Found a runed translucent gate.
  1971 | D:3      | Noticed PostNTower's ghost (amateur DsSu)
  1991 | D:3      | HP: 1/34 [gnoll/+0 spear (10)]
  1994 | D:3      | Mangled by a gnoll

Illustrated notes

Levels and vault maps discovered:
D:1:      minmay_arrival_shattered_statue, layout_basic
D:2:      layout_basic, uniq_natasha
D:3:      layout_loops_corners, mainiacjoe_overflow_alcove_1, fedhas_altar_4,
          gammafunk_ghost_split, serial_bayou_pond_c

Skill      XL: |  1  2  3  4 |
---------------+-------------+-----
Stealth        | 1 |  1.9
Fighting       | 2 |  2.2
Dodging        | |  2.9
Unarmed Combat | |  3.5
Spellcasting   | |  2.8
Transmutations | |  2.7

Action                     |  1- 3 |  4- 6 || total
---------------------------+-------+-------++-------
  Melee: Unarmed           |    10 |       ||    10
         Constrict         |    16 |     6 ||    22
         Tentacles         |    10 |     6 ||    16
         Kick              |     9 |    11 ||    20
         Short sword       |    26 |       ||    26
         Whip              |    18 |    28 ||    46
         Punch             |       |     1 ||     1
   Cast: Beastly Appendage |    21 |     8 ||    29
    Use: Scroll            |       |     2 ||     2
   Stab: Sleeping          |     8 |     3 ||    11
 Armour: Skin              |     1 |       ||     1
  Dodge: Dodged            |    32 |    17 ||    49

Table legend: (Time is in decaauts)
 A = Elapsed time spent in this place.
 B = Non-inter-level travel time spent in this place.
 C = Inter-level travel time spent in this place.
 D = Time resting spent in this place.
 E = Time spent auto-exploring this place.
 F = Levels seen in this place.
 G = Mean time per level.
                   A        B        C        D        E       F      G
               +--------+--------+--------+--------+--------+-----+--------+
         Total |   2003 |   1973 |     30 |      0 |   1698 |   3 |  667.7 |
       Dungeon |   2003 |   1973 |     30 |      0 |   1698 |   3 |  667.7 |
               +--------+--------+--------+--------+--------+-----+--------+

Top non-repeatable levels by time:
     D:1: 1101 daAuts
     D:2: 772 daAuts
     D:3: 129 daAuts
